 Dungeon Crawl Stone Soup version 0.30.0-19-g36f170ea60 (webtiles) character file.

Game seed: 6608235634290135084

37 Elsrick the Firebug (level 3, 0/19 HPs)
             Began as a Tengu Fire Elementalist on June 1, 2023.
             Was a Follower of Lugonu.
             Slain by a hobgoblin (3 damage)
             ... on level 2 of the Dungeon.
             The game lasted 00:06:23 (1045 turns).

Elsrick the Firebug (Tengu Fire Elementalist)       Turns: 1045, Time: 00:06:24

Health: 0/19       AC:  2    Str:  8    XL:     3   Next: 39%
Magic:  0/7        EV: 12    Int: 17    God:    Lugonu [*.....]
Gold:   46         SH:  0    Dex: 14    Spells: 3/6 levels left

rFire   . . .        h - +0 spear
rCold   . . .        (no shield)
rNeg    . . .        a - +0 robe
rPois   .            (helmet restricted)
rElec   .            (no cloak)
rCorr   .            (no gloves)
SInv    .            (boots unavailable)
Will    .....        (no amulet)
Stlth   ++           (no ring)
HPRegen 0.23/turn    (no ring)
MPRegen 0.10/turn

%: no passive effects
@: no status effects
A: beak, talons 3
a: Renounce Religion, Depart the Abyss


You were on level 2 of the Dungeon.
You worshipped Lugonu.
Lugonu was aware of your devotion.
You visited 1 branch of the dungeon, and saw 2 of its levels.

You collected 46 gold pieces.

Inventory:

Hand Weapons
 h - a +0 spear (weapon)
Missiles
 l - 5 poisoned darts
Armour
 a - a +0 robe (worn)
Jewellery
 k - a ring of protection from cold
Scrolls
 c - a scroll of magic mapping {unknown}
 e - a scroll of teleportation {unknown}
 g - a scroll of brand weapon {unknown}
 i - a scroll of enchant weapon {unknown}
 j - 3 scrolls of identify {unknown}
Potions
 b - a potion of magic
 d - a potion of curing {unknown}
 f - 2 potions of attraction {unknown}


   Skills:
 + Level 0.5 Polearms
 + Level 2.4 Dodging
 + Level 2.1 Stealth
 + Level 2.3 Spellcasting
 + Level 1.5 Conjurations
 + Level 4.1 Fire Magic


You had 3 spell levels left.
You knew the following spells:

 Your Spells              Type           Power      Damage    Failure   Level
a - Foxfire               Conj/Fire      44%        2x1d6     6%          1
b - Scorch                Fire           30%        2d6       5%          2

Your spell library contained the following spells:

 Spells                   Type           Power      Damage    Failure   Level
 Inner Flame              Hex/Fire       8%         N/A       24%         3
 Volatile Blastmotes      Fire/Tloc      16%        2d11      24%         3
 Ozocubu's Armour         Ice            2%         N/A       50%         3
 Flame Wave               Conj/Fire      11%        2d6       50%         4
 Metabolic Englaciation   Hex/Ice        1%         N/A       99%         5
 Simulacrum               Ice/Necr       1%         N/A       100%        6


Dungeon Overview and Level Annotations

Branches:
Dungeon (2/15)

Altars:
Lugonu


Innate Abilities, Weirdness & Mutations

You have a beak for a mouth.
You have claws for feet.


Message History

The adder attacks as you move away! The adder closely misses you.
You feel sick.
The foxfire hits the adder.
The adder is moderately wounded.
The adder barely misses you. The adder attacks as you move away!
The adder bites you.
You feel sick.
Casting: Foxfire (safe; 6% risk of failure)
Confirm with . or Enter, or press ? or * to list all spells.
You conjure some foxfire!
The goblin shouts!
You feel sick.
You are no longer poisoned.
You hear a shout!
The adder closely misses you.
Casting: Foxfire (safe; 6% risk of failure)
Confirm with . or Enter, or press ? or * to list all spells.
Flames lash the goblin.
You kill the goblin!
Lugonu accepts your kill.
The foxfire hits the adder.
The adder is almost dead.
The foxfire hits the adder but does no damage.
The adder is almost dead.
The adder bites you.
* * * LOW HITPOINT WARNING * * *
The adder misses you.
Your Fire Magic skill increases to level 4!
Casting: Scorch (safe; 5% risk of failure)
Confirm with . or Enter, or press ? or * to list all spells.
Flames lash the adder.
You kill the adder!
Lugonu accepts your kill. The hobgoblin attacks as you move away!
The hobgoblin hits you.
* * * LOW HITPOINT WARNING * * *
Casting: Scorch (safe; 5% risk of failure)
Confirm with . or Enter, or press ? or * to list all spells.
You don't have enough magic to cast this spell.
Casting: Scorch (safe; 5% risk of failure)
Confirm with . or Enter, or press ? or * to list all spells.
You conjure some foxfire!
The hobgoblin hits you.
You die...

#.....# ##..#.# #..#
.g #..## g# ##..# ..
#.## #)# ###.#... ##
....
#.g.#.###.###.....
###@#)..............
#..vv......#..>.....
##.##.#.............
#.##.#....#.#....#.
##.##...............
#..........รท........
##.##......<........
#.##.###..#.#......
#.# #....#g#.####.


You could see a hobgoblin (ally target).

Vanquished Creatures
  2 adders
  5 ball pythons
  2 endoplasms
  3 goblins
  A hobgoblin (D:1)
  3 bats
  2 frilled lizards (D:1)
  A rat (D:2)
19 creatures vanquished.

Vanquished Creatures (others)
  37 foxfires
37 creatures vanquished.

Grand Total: 56 creatures vanquished

Notes
Turn   | Place    | Note
-------+----------+-------------------------------------------
     0 | D:1      | Elsrick the Tengu Fire Elementalist began the quest for the
                  | Orb.
     0 | D:1      | Reached XP level 1. HP: 10/10 MP: 4/4
   256 | D:1      | Reached XP level 2. HP: 15/15 MP: 3/6
   359 | D:1      | Found a faded altar of an unknown god.
   374 | D:1      | Prayed at the altar of an unknown god.
   374 | D:1      | Became a worshipper of Lugonu the Unformed
   374 | D:1      | Reached * piety under Lugonu
   723 | D:2      | Reached XP level 3. HP: 19/19 MP: 4/7
   839 | D:2      | Learned a level 2 spell: Scorch
  1042 | D:2      | Reached skill level 4 in Fire Magic
  1045 | D:2      | Slain by a hobgoblin

Illustrated notes

Levels and vault maps discovered:
D:1:      dpeg_arrival_fog, layout_loops_cross, chequers_ecumenical_altar_simple
D:2:      layout_basic, minmay_indecisive_spiral

Skill      XL: |  1  2  3 |
---------------+----------+-----
Fire Magic     | 4 |  4.1
Polearms       | |  0.5
Dodging        | |  2.4
Stealth        | |  2.1
Spellcasting   | |  2.3
Conjurations   | |  1.5

Action                     || total
---------------------------++-------
  Melee: Spear             ||     6
         Kick              ||     1
   Cast: Foxfire           ||    25
         Scorch            ||     4
    Use: Potion            ||     1
 Armour: Robe              ||     3
  Dodge: Dodged            ||    14
